 Dungeon Crawl Stone Soup version 0.26-a0-40-gfe7b5d5a6f (webtiles) character file.

Game seed: 14158385704565647898, levelgen mode: deterministic

1330 LSt the Covert (level 8, -4/36 HPs)
             Began as a Spriggan Enchanter on June 1, 2020.
             Was a Believer of Dithmenos.
             Hit by a silver boomerang thrown by an orc warrior (17 damage)
             ... on level 6 of the Dungeon.
             The game lasted 00:57:04 (9745 turns).

LSt the Covert (Spriggan Enchanter)                 Turns: 9745, Time: 00:57:04

Health: -4/36      AC:  3    Str:  4    XL:     8   Next: 34%
Magic:  15/15      EV: 19    Int: 17    God:    Dithmenos [**....]
Gold:   323        SH:  0    Dex: 18    Spells: 3/15 levels left

rFire    . . .     SeeInvis +   K - +3 dagger (freeze)
rCold    . . .     Gourm    .   (shield restricted)
rNeg     + . .     Faith    .   b - +1 robe
rPois    .         Spirit   .   (helmet restricted)
rElec    .         Reflect  .   (no cloak)
rCorr    .         Harm     .   (gloves unavailable)
MR       ++...                  (boots unavailable)
Stlth    ++++++....             (no amulet)
HPRegen  0.12/turn              m - ring of protection from magic
MPRegen  0.14/turn              t - ring of positive energy

@: wreathed by umbra, very quick
A: very small, unfitting armour, see invisible, herbivore, speed 3, slow
metabolism 2
a: Shadow Step, Renounce Religion


You were on level 6 of the Dungeon.
You worshipped Dithmenos.
Dithmenos was pleased with you.
You were not hungry.

You visited 2 branches of the dungeon, and saw 7 of its levels.
You also visited: Sewer.

You collected 323 gold pieces.

Inventory:

Hand Weapons
 a - a +1 dagger
 g - a +0 short sword
 C - a +2 dagger of pain
 F - a +0 rapier
 I - a +0 shortbow
 K - a +3 dagger of freezing (weapon)
Missiles
 c - 203 stones (quivered)
 h - 89 arrows
 k - 100 sling bullets
 n - 18 bolts
 y - 5 atropa-tipped darts
 D - a throwing net
 G - 5 boomerangs
 H - 7 curare-tipped darts
Armour
 b - a +1 robe (worn)
Jewellery
 m - a ring of protection from magic (left hand)
 t - a ring of positive energy (right hand)
Wands
 s - a wand of polymorph (15)
 A - a wand of acid (10)
 E - a wand of paralysis (8)
Scrolls
 f - 7 scrolls of remove curse
 i - 2 scrolls of enchant armour
 j - 7 scrolls of fog
 l - a scroll of identify
 p - 2 scrolls of magic mapping
 q - 2 scrolls of enchant weapon {unknown}
 w - 5 scrolls of teleportation {unknown}
 N - a scroll of blinking {unknown}
Potions
 e - 3 potions of curing
 o - 2 potions of might
 r - 4 potions of haste
 u - 2 potions of heal wounds
 v - 2 potions of lignification
 x - a potion of ambrosia
 z - a potion of stabbing
 B - 3 potions of cancellation
 J - a potion of flight
 L - 3 potions of brilliance
 M - a potion of magic
 O - a potion of resistance {unknown}
Comestibles
 d - 11 rations


   Skills:
 + Level 6.3 Short Blades
 - Level 3.2 Dodging
 + Level 10.1 Stealth
 - Level 4.0 Spellcasting
 - Level 7.4 Hexes


You had 3 spell levels left.
You knew the following spells:

 Your Spells              Type           Power        Failure   Level  Hunger
a - Corona                Hex            ####...      1%          1    None
b - Ensorcelled Hibernat  Hex/Ice        ###...       5%          2    ##.....
c - Confusing Touch       Hex            ####....     2%          3    ###....
d - Dazzling Flash        Conj/Hex       ###...       11%         3    ###....
e - Tukima's Dance        Hex            ####....     2%          3    ###....

Your spell library contained the following spells:

 Spells                   Type           Power        Failure   Level  Hunger
 Beastly Appendage        Tmut           #.....       16%         1    None
 Sticks to Snakes         Tmut           #.......     24%         2    ##.....
 Spider Form              Tmut/Pois      #.........   43%         3    ###....
 Ice Form                 Ice/Tmut       #.......     83%         4    ####...
 Blade Hands              Tmut           #.........   99%         5    ######.


Dungeon Overview and Level Annotations

Branches:
Dungeon (6/15)             Temple (1/1) D:4           Sewer (visited)

Altars:
Dithmenos
Fedhas
Kikubaaqudgha
Makhleb
Nemelex Xobeh
Qazlal
Ru
Trog
Wu Jian
Xom
Yredelemnul

Shops:
D:4 *

Annotations:
D:3 2 transporters


Innate Abilities, Weirdness & Mutations

You are very small and have problems with some larger weapons.
You are too small for most types of armour.
You have supernaturally acute eyesight. (SInv)
You are a herbivore.
You cover ground extremely quickly.
You need to consume almost no food.


Message History

c - 202 stones (gained 1)
c - 203 stones (gained 1)
The orc is too close now for your liking.
Press: ? - help, v - describe, . - travel
Here: an orc warrior, wielding a +0 flail, wearing a +0 plate armour and quivering 3 silver boomerangs (wandering, hasn't noticed you)
The floor.
The orc warrior shouts!
The orc shouts!
You hear a shout!
The orc throws a stone.
The stone closely misses you.
The orc warrior throws a silver boomerang.
The silver boomerang hits you!!
Ouch! That really hurt!
The weapon returns to the orc warrior!
Found a burning altar of Makhleb.
The orc warrior throws a silver boomerang.
The silver boomerang completely misses you.
The weapon returns to the orc warrior!
There is a stone staircase leading up here.
The orc warrior throws a silver boomerang.
The silver boomerang hits you!
You die...

,,$.....#..รท####.....#......#***,
,,#..........###.....#..#...##,,,
,,.....####.[##.(......##....,,,,
,*....,*##....#.........)..#**,,,
,*...,,,#.................## *,..
,,..,,......##..#......)..###*...
,,[,,........#..#...#.......##..s
,,,,.........#.##................
,,,,.........#..@.......(..?.....
,*,,....................(........
,*,,,,.........#...#.........#...
,,,,,,,........#............##..#
,,,,,,,.........(........o.......
,,**,,,.................#.##.)...
*,,,,,,........#......###........
*,,,,,*#.......##.oo.###..#......
,,,*,,,*..##..#*#...###...##.....


You could see an orc warrior and an orc.

Vanquished Creatures
  A sky beast (D:5)
  A necrophage (D:5)
  2 centaurs (D:5)
  An ogre (D:5)
  2 bullfrogs (Sewer)
  A howler monkey (D:4)
  2 crimson imps
  A jelly (D:5)
  5 hounds
  3 orc wizards
  5 worker ants
  Ijyb (D:4)
  4 river rats (Sewer)
  10 adders
  2 oozes (Sewer)
  An adder skeleton (D:4)
  3 worms
  2 dart slugs
  A leopard gecko (D:4)
  14 orcs
  13 ball pythons
  3 giant cockroaches
  4 goblins
  4 hobgoblins
  15 jackals
  3 kobolds
  3 quokkas
  4 bats
  8 frilled lizards
  A quokka skeleton (D:4)
  29 rats
149 creatures vanquished.

Notes
Turn   | Place    | Note
-------+----------+-------------------------------------------
     0 | D:1      | LSt the Spriggan Enchanter began the quest for the Orb.
     0 | D:1      | Reached XP level 1. HP: 9/9 MP: 5/5
   404 | D:1      | Reached XP level 2. HP: 13/13 MP: 6/6
   410 | D:1      | Learned a level 2 spell: Ensorcelled Hibernation
  1027 | D:2      | Found a bloodstained altar of Trog.
  1716 | D:2      | Reached XP level 3. HP: 10/16 MP: 8/8
  1753 | D:1      | Learned a level 3 spell: Confusing Touch
  2533 | D:2      | Found a stormy altar of Qazlal.
  3044 | D:2      | Found a sparkling altar of Nemelex Xobeh.
  3048 | D:2      | Found an ancient bone altar of Kikubaaqudgha.
  3058 | D:2      | Found a blossoming altar of Fedhas.
  3128 | D:3      | Found an ornate altar of the Wu Jian Council.
  3131 | D:3      | Reached skill level 5 in Stealth
  3207 | D:3      | Found a transporter.
  3250 | D:3      | Found a transporter.
  3708 | D:3      | Reached XP level 4. HP: 18/21 MP: 6/9
  4155 | D:4      | Reached skill level 5 in Hexes
  4166 | D:3      | Learned a level 3 spell: Dazzling Flash
  4413 | D:4      | Found a staircase to the Ecumenical Temple.
  4425 | Temple   | Entered the Ecumenical Temple
  4438 | Temple   | Became a worshipper of Dithmenos the Shadowed
  4789 | D:4      | Reached XP level 5. HP: 24/24 MP: 1/10
  4917 | D:4      | Noticed Ijyb
  4924 | D:4      | Killed Ijyb
  4924 | D:4      | Reached skill level 6 in Stealth
  5080 | D:4      | Found Gackum's Assorted Antiques.
  5407 | D:4      | Reached XP level 6. HP: 28/28 MP: 3/11
  5685 | D:4      | Found a blossoming altar of Fedhas.
  5841 | D:5      | Entered Level 5 of the Dungeon
  5911 | D:5      | Noticed a sky beast
  5917 | D:5      | Killed a sky beast
  5917 | D:5      | Reached skill level 7 in Stealth
  6495 | D:5      | Reached XP level 7. HP: 32/32 MP: 12/12
  6500 | D:5      | Learned a level 3 spell: Tukima's Dance
  6777 | D:5      | Reached skill level 8 in Stealth
  7279 | D:5      | Reached skill level 5 in Short Blades
  7596 | D:5      | Reached skill level 9 in Stealth
  7841 | D:6      | Reached * piety under Dithmenos
  7929 | D:6      | Reached XP level 8. HP: 18/36 MP: 10/14
  8444 | D:6      | Found a glowing drain.
  8450 | Sewer    | Entered a sewer
  9214 | Sewer    | Reached ** piety under Dithmenos
  9678 | D:5      | Reached skill level 10 in Stealth
  9739 | D:6      | Found a burning altar of Makhleb.
  9745 | D:6      | Hit by a silver boomerang thrown by an orc warrior

Illustrated notes

Levels and vault maps discovered:
D:1:      dpeg_arrival_three_same_balls, layout_basic, minmay_misc_feat_cross
D:2:      layout_basic, minmay_overflow_temple_star_quad, lemuel_crystal_altar,
          first_ration, bloody_trog
D:3:      gammafunk_wand_slinger, layout_loops_ring, overflow_temple_1_default
D:4:      layout_cave_pods, minmay_temple_entry_statues, serial_shops,
          nicolae_shop_waterfront, fedhas_altar_2, uniq_ijyb
D:5:      layout_loops_ring
D:6:      layout_cave_pools, overflow_temple_1_default,
          cheibrodos_sewer_entry_bend, nzn_random_ring
Temple:   regret_index_temple_waves

Skill      XL: |  1  2  3  4  5  6  7  8 |
---------------+-------------------------+-----
Hexes          | 4 5 6 7 |  7.4
Stealth        | 5 6 7 9 10 | 10.1
Short Blades   | 2 3 4 5 6 |  6.3
Spellcasting   | 3 4 |  4.0
Dodging        | |  3.2

Action                   |  1- 3 |  4- 6 |  7- 9 || total
-------------------------+-------+-------+-------++-------
Melee: Dagger            |   176 |   123 |   277 ||   576
 Fire: Shortbow          |       |       |    18 ||    18
Throw: Stone             |     5 |       |    15 ||    20
 Cast: Ensorcelled Hiber |     8 |    26 |     8 ||    42
       Confusing Touch   |       |       |     7 ||     7
       Corona            |       |       |     1 ||     1
  Use: Scroll            |     8 |     4 |     4 ||    16
 Stab: Sleeping          |    19 |    19 |     9 ||    47
       Distracted        |     1 |       |       ||     1
       Confused          |       |       |     4 ||     4
  Eat: Ration            |       |     2 |     3 ||     5
Armor: Robe              |    22 |     3 |    20 ||    45
Dodge: Dodged            |   120 |    74 |   221 ||   415

Table legend:
 A = Non-vault XP
 B = Vault XP
 C = Vault XP percentage of total XP
 D = Non-vault monster count
 E = Vault monster count
 F = Vault count percentage of total count
                 A         B        C        D         E       F
            +---------+---------+-------+---------+---------+-------
      Total |    1544 |     357 |  18.8 |      99 |      50 |  33.6
            +---------+---------+-------+---------+---------+-------
        D:1 |      32 |       0 |   0.0 |      18 |       0 |   0.0
        D:2 |      23 |       0 |   0.0 |      10 |       0 |   0.0
        D:3 |      78 |       0 |   0.0 |      24 |       0 |   0.0
        D:4 |     318 |      32 |   9.1 |      17 |       1 |   5.6
        D:5 |     861 |       0 |   0.0 |      18 |       0 |   0.0
        D:6 |     232 |       5 |   2.1 |      12 |       1 |   7.7
      Sewer |       0 |     320 | 100.0 |       0 |      48 | 100.0
            +---------+---------+-------+---------+---------+-------
